Map: Ever Dream LE

Players

ShoWTimE - Winner!

  • Race: Protoss Protoss
  • Spawn Location: 7:00

LiquidClem (Clem)

  • Race: Terran Terran
  • League: Master
  • Spawn Location: 1:00

Event: DreamHack SC2 Masters 2020 Summer Europe

VOD

Have the link to the VOD?

Description

Time

  • Played on: July 4, 2020, 12:22 p.m.
  • Length: 10:56

All games in this series

Show
View Real Time Build Order
Export as new Build Order

ShoWTimE Protoss - Winner!

Build Orders: 1 Gate Expand, Blink Stalkers 

Get SALT Encoding   

  12  0:00  Probe  
  13  0:12  Probe  
  14  0:17  Pylon  
  14  0:24  Probe  
  15  0:32  Probe  
  15  0:37  Gateway  
  15  0:40  Probe  
  16  0:46  Assimilator  
  17  0:51  Probe  
  18  1:03  Probe  
  19  1:15  Probe  
  20  1:24  Cybernetics Core  
  20  1:33  Nexus  
  20  1:35  Probe  
  21  1:42  Pylon  
  21  1:47  Probe  
  21  1:50  Assimilator  
  21  1:51  Adept  
  22  1:59  Probe  
  25  2:02  Warp Gate  
  25  2:11  Probe  
  25  2:12  Stalker  
  28  2:23  Probe  
  29  2:35  Twilight Council, Probe  
  30  2:42  Probe  
  30  2:43  Blink  
  30  2:44  Stalker  
  30  2:47  Probe  
  30  2:50  Probe  
  35  2:59  Probe  
  35  3:00  Probe  
  35  3:03  Gateway  
  37  3:12  Probe x2  
  39  3:21  Pylon  
  39  3:24  Probe  
  39  3:25  Probe  
  41  3:30  Robotics Facility  
  41  3:36  Probe  
  41  3:37  Probe  
  43  3:48  Probe  
  44  3:49  Probe  
  44  3:50  Sentry  
  44  3:54  Nexus  
  47  3:57  Pylon  
  47  4:02  Probe  
  48  4:03  Probe  
  48  4:11  Stalker, Assimilator  
  48  4:12  Pylon  
  48  4:14  Probe  
  48  4:15  Probe  
  52  4:19  Observer  
  52  4:20  Stalker  
  55  4:24  Pylon  
  55  4:26  Probe  
  55  4:27  Probe  
  57  4:37  Stalker  
  57  4:38  Probe  
  60  4:39  Probe  
  61  4:50  Gateway x2, Probe  
  61  4:51  Probe  
  63  4:53  Stalker  
  65  5:01  Charge  
  65  5:02  Probe  
  65  5:03  Stalker  
  65  5:05  Forge, Probe  
  69  5:10  Shield Battery  
  69  5:11  Probe  
  70  5:14  Probe  
  70  5:20  Pylon  
  70  5:21  Observer  
  72  5:22  Stalker  
  72  5:26  Stalker, Shield Battery  
  76  5:29  Probe  
  76  5:30  Probe  
  76  5:33  Protoss Ground Armor Level 1, Pylon  
  76  5:40  Probe  
  77  5:45  Stalker x3  
  83  5:54  Gateway  
  83  5:57  Gateway  
  83  5:59  Gateway  
  83  6:02  Gateway  
  83  6:03  Warp Prism  
  85  6:14  Probe x2  
  85  6:16  Pylon  
  85  6:17  Sentry, Zealot x3  
  93  6:22  Pylon  
  93  6:32  Pylon  
  93  6:35  Probe  
  93  6:36  Probe x2  
  93  6:37  Immortal, Assimilator  
  100  6:42  Assimilator  
  100  6:43  Zealot x4  
  108  6:49  Zealot  
  110  6:55  Stalker, Pylon  
  110  6:56  Stalker  
  110  6:58  Probe  
  112  7:03  Zealot x3  
  112  7:04  Zealot  
  119  7:08  Immortal  
  119  7:14  Probe  
  120  7:16  Pylon  
  124  7:22  Pylon  
  124  7:25  Zealot x3  
  124  7:26  Zealot  
  124  7:29  Zealot  
  128  7:41  Zealot x4  
  118  7:45  Protoss Ground Weapons Level 1  
  118  7:47  Zealot x4  
  118  7:48  Probe x2  
  118  7:49  Probe  
  123  8:01  Zealot x2  
  123  8:04  Zealot x2  
  115  8:22  Cybernetics Core, Templar Archives  
  115  8:23  Gateway, Zealot x5  
  125  8:28  Probe  
  125  8:32  Zealot  
  128  8:46  Probe  
  129  8:51  Zealot x4  
  135  8:57  Zealot x2  
  135  8:59  Nexus, Probe  
  135  9:01  Pylon  
  129  9:12  High Templar x4  
  135  9:17  Archon x2, High Templar  
  135  9:18  High Templar x3  
  135  9:21  Gateway, Archon  
  135  9:22  Archon  
  143  9:27  Probe  
  143  9:28  Probe x2  
  143  9:30  Pylon  
  146  9:43  Zealot  
  146  9:45  Zealot x4  
  156  9:50  Zealot x2  
  156  9:51  Zealot x2  
  140  10:01  Zealot x4  
  140  10:06  Zealot x5  
  128  10:25  Probe x3  
  109  10:34  Zealot x9  
  119  10:42  Probe x2  
Show
View Real Time Build Order
Export as new Build Order

LiquidClem Terran 

Build Orders: Reaper Expand, Banshee Rush 

Get SALT Encoding   

  12  0:00  SCV  
  13  0:12  SCV  
  14  0:17  Supply Depot  
  14  0:24  SCV  
  15  0:38  SCV  
  15  0:39  Barracks  
  15  0:42  Refinery  
  16  0:50  SCV  
  17  1:02  SCV  
  18  1:14  SCV  
  19  1:26  Reaper  
  19  1:27  Orbital Command  
  20  1:46  Command Center  
  20  1:52  SCV  
  21  1:55  Supply Depot  
  21  1:59  Marine  
  22  2:04  SCV  
  23  2:09  Factory  
  23  2:15  Bunker  
  23  2:19  SCV  
  23  2:22  Barracks Reactor  
  24  2:31  Refinery, SCV  
  25  2:43  SCV  
  26  2:53  Hellion  
  26  2:55  SCV  
  26  2:56  Starport  
  26  2:57  Marine  
  30  2:58  Marine  
  30  3:03  Orbital Command  
  31  3:08  SCV  
  32  3:15  Factory Tech Lab  
  32  3:16  Marine x2  
  34  3:21  SCV  
  34  3:26  Supply Depot  
  35  3:29  SCV  
  36  3:34  Marine x2  
  36  3:36  SCV  
  36  3:38  Factory Tech Lab  
  36  3:40  Cloaking Field  
  39  3:44  Banshee  
  39  3:45  SCV  
  39  3:48  SCV  
  44  3:54  Supply Depot  
  44  3:56  Marine x2  
  44  4:00  SCV x2  
  47  4:06  Siege Tank  
  50  4:12  SCV x2  
  50  4:14  Marine  
  51  4:17  Supply Depot  
  51  4:20  Barracks  
  51  4:24  Barracks  
  51  4:27  Banshee  
  51  4:29  SCV  
  55  4:31  SCV  
  55  4:35  Refinery, Marine  
  55  4:36  Marine  
  58  4:41  Engineering Bay  
  58  4:43  SCV x2  
  60  4:50  Siege Tank  
  63  4:53  Supply Depot  
  63  4:56  Marine x2  
  63  4:59  SCV  
  66  5:03  Supply Depot  
  66  5:04  SCV  
  67  5:11  SCV  
  67  5:14  Marine x2  
  68  5:16  SCV  
  68  5:18  Stimpack, Terran Infantry Weapons Level 1  
  71  5:22  Refinery, Marauder  
  71  5:23  SCV  
  71  5:26  Supply Depot  
  71  5:28  Marauder, SCV  
  77  5:35  Combat Shield, Supply Depot  
  77  5:37  Marine x2  
  77  5:39  SCV  
  78  5:43  SCV  
  78  5:46  Marauder  
  78  5:48  Factory Reactor  
  78  5:49  Starport Reactor  
  81  5:52  Supply Depot  
  81  5:54  Marauder  
  84  5:57  Marine x2  
  85  6:07  Marauder  
  82  6:15  Marauder  
  82  6:16  Command Center  
  82  6:17  Supply Depot, Marine  
  82  6:18  Marine  
  85  6:26  Supply Depot  
  85  6:28  Medivac x2  
  85  6:29  Marauder  
  91  6:34  Widow Mine x2  
  91  6:35  Marine x2  
  91  6:39  Marauder  
  99  6:40  Supply Depot  
  99  6:45  Supply Depot, SCV x2  
  99  6:51  Marauder  
  101  6:54  Marine x2  
  101  6:55  Supply Depot  
  103  7:02  Widow Mine  
  103  7:03  Widow Mine, Medivac x2  
  108  7:09  Marauder  
  110  7:16  Marine, Barracks  
  110  7:17  Marine, Barracks  
  114  7:23  Marauder  
  114  7:26  Widow Mine x2  
  118  7:30  SCV x2  
  118  7:32  Marauder  
  116  7:39  Marine  
  116  7:40  Marine  
  116  7:42  SCV  
  108  7:44  Marauder  
  108  7:48  Widow Mine, SCV  
  108  7:50  Terran Infantry Armor Level 1  
  105  7:54  SCV  
  105  7:56  Orbital Command  
  105  8:00  SCV  
  106  8:06  SCV  
  106  8:07  Barracks Reactor, Barracks Tech Lab  
  106  8:10  Widow Mine  
  106  8:11  Medivac  
  106  8:12  SCV  
  103  8:15  Marine x2  
  103  8:16  Widow Mine, Medivac  
  103  8:18  Marauder  
  99  8:21  Marauder, SCV  
  99  8:22  SCV  
  99  8:24  SCV  
  99  8:25  Concussive Shells  
  97  8:27  Marauder  
  97  8:33  Marine, SCV  
  94  8:36  Marine  
  94  8:39  Marauder, SCV  
  94  8:40  Ghost Academy, SCV  
  99  8:42  Marauder  
  99  8:45  Refinery, SCV  
  99  8:46  Marine x2  
  104  8:49  Widow Mine x2  
  104  8:52  Marine, SCV  
  104  8:53  Marauder  
  104  8:54  SCV  
  113  8:57  Marine  
  113  8:58  SCV  
  113  9:00  Marauder  
  117  9:05  Marine x2  
  117  9:07  Marauder  
  114  9:11  Marine  
  114  9:12  Widow Mine x2, SCV  
  114  9:13  SCV x2  
  114  9:14  Marauder  
  124  9:19  Marine  
  124  9:21  Ghost  
  127  9:25  SCV  
  127  9:27  Marine  
  127  9:28  Marine, Barracks x2  
  130  9:31  Ghost  
  130  9:36  Marine  
  130  9:38  Widow Mine  
  135  9:39  Marine  
  135  9:41  SCV x3  
  135  9:45  Marauder  
  140  9:47  Marine x2  
  136  9:53  SCV  
  136  9:54  Marine  
  136  9:57  Marine x2  
  136  9:59  Widow Mine  
  130  10:01  Marauder  
  130  10:06  Marine  
  127  10:10  Marine  
  127  10:11  Marauder, Marine  
  115  10:14  Widow Mine, Medivac  
  115  10:15  Marine, Medivac  
  115  10:16  SCV  
  115  10:18  SCV  
  115  10:19  Marine  
  108  10:22  Marauder  
  108  10:26  Widow Mine  
  101  10:30  Marauder  
  101  10:31  Marine  
  101  10:32  Marauder, Marine  
  101  10:33  SCV  
  101  10:35  SCV  
  104  10:36  Marine  
Tags
 
Add a new tag
Caveats
  • Supply blocks, unpowered buildings, or Contaminate may cause inaccurate times.
  • Supply counts are checked every 10 seconds.